Map: Zen LE

Players

ShiShiGank

  • Race: Terran Terran
  • League: Silver
  • Spawn Location: 1:00

Ratl - Winner!

  • Race: Protoss Protoss
  • League: Bronze
  • Spawn Location: 7:00

VOD

Have the link to the VOD?

Description

Time

  • Played on: Dec. 27, 2019, 10:18 p.m.
  • Length: 22:43
Show
View Real Time Build Order
Export as new Build Order

ShiShiGank Terran 

Build Orders:  

Get SALT Encoding   

  12  0:04  SCV  
  13  0:17  Supply Depot  
  13  0:22  SCV  
  14  0:37  SCV  
  15  0:43  Barracks  
  15  0:47  Refinery  
  15  0:51  SCV  
  16  1:03  SCV  
  17  1:12  Barracks  
  17  1:15  SCV  
  18  1:30  Orbital Command  
  18  1:37  Supply Depot, Reaper  
  19  2:03  Marine  
  19  2:05  Supply Depot  
  20  2:32  Factory  
  20  2:37  Marine  
  20  2:43  Marine  
  22  3:42  Marine  
  22  3:44  Barracks Tech Lab  
  23  3:49  Factory Tech Lab  
  23  3:52  Supply Depot  
  23  3:53  SCV  
  24  3:59  Refinery  
  24  4:01  Marine  
  25  4:03  Command Center  
  24  4:28  Barracks Tech Lab  
  24  4:30  Barracks Reactor  
  24  4:32  Marauder  
  24  4:34  Siege Tank  
  29  4:46  Starport  
  29  5:03  Marauder  
  29  5:04  Stimpack  
  31  5:24  Orbital Command  
  31  5:28  SCV  
  32  5:33  Supply Depot  
  32  5:40  SCV  
  33  5:52  SCV  
  34  6:05  Medivac  
  34  6:06  Marine  
  34  6:07  Marine  
  38  6:16  SCV  
  38  6:18  Engineering Bay  
  39  6:19  Siege Tank  
  39  6:24  Marine x2  
  44  6:36  SCV  
  44  6:39  Medivac  
  47  6:40  Orbital Command  
  47  6:42  Marine x2, Marauder  
  51  6:48  Concussive Shells, SCV  
  52  6:54  Terran Infantry Weapons Level 1  
  52  6:58  Engineering Bay  
  52  7:00  Marine x2, SCV  
  55  7:06  SCV  
  56  7:12  SCV  
  56  7:15  Marauder  
  59  7:17  Marine  
  59  7:18  Marine  
  59  7:19  Siege Tank  
  64  7:24  SCV  
  64  7:26  SCV  
  66  7:32  Refinery  
  66  7:34  Supply Depot, Terran Infantry Armor Level 1  
  66  7:35  Marine  
  66  7:36  Marine  
  68  7:40  Refinery, Marauder  
  70  7:55  Marine x2  
  72  8:03  Supply Depot  
  72  8:10  SCV  
  73  8:16  SCV  
  74  8:23  SCV  
  75  8:32  SCV  
  76  8:43  Command Center  
  76  8:57  Armory  
  76  9:01  Medivac  
  78  9:05  Marauder  
  78  9:06  Combat Shield  
  78  9:07  Marine x2  
  82  9:25  Marine x2  
  84  9:32  Fusion Core  
  84  9:38  Liberator  
  84  9:43  Marine x2  
  86  9:50  Supply Depot  
  86  9:51  Terran Vehicle Weapons Level 1  
  86  9:52  Terran Infantry Weapons Level 2, Terran Infantry Armor Level 2  
  89  10:00  Marine  
  89  10:01  Marine  
  89  10:02  Bunker  
  89  10:04  Supply Depot  
  91  10:20  Armory  
  91  10:28  Marauder  
  93  10:30  Thor  
  99  10:36  Supply Depot  
  99  10:38  Medivac  
  99  10:39  Supply Depot, Rapid Reignition System  
  101  10:43  Command Center  
  101  11:11  Barracks Reactor  
  101  11:15  Thor  
  107  11:20  Factory  
  107  11:23  Terran Vehicle And Ship Armor Level 1  
  107  11:29  Starport  
  107  11:43  Supply Depot  
  107  11:44  Advanced Ballistics  
  104  12:03  Starport  
  104  12:13  SCV  
  105  12:22  SCV  
  106  12:31  Supply Depot  
  106  12:32  Refinery  
  106  12:34  SCV  
  107  12:38  Refinery  
  107  12:43  Factory  
  107  12:45  Starport Reactor  
  107  12:46  SCV  
  108  12:54  Factory Tech Lab  
  108  12:58  SCV  
  109  13:06  Orbital Command  
  109  13:07  Planetary Fortress  
  109  13:08  Liberator x2  
  109  13:11  SCV  
  109  13:12  Starport Reactor, Missile Turret  
  116  13:39  Factory Tech Lab  
  116  13:50  Liberator x2  
  116  13:57  SCV  
  123  14:12  Terran Infantry Armor Level 3, Terran Infantry Weapons Level 3  
  123  14:20  SCV  
  124  14:32  SCV  
  124  14:33  Liberator  
  126  14:44  SCV  
  120  14:56  SCV  
  101  15:09  SCV  
  95  15:26  Command Center  
  95  15:51  Raven  
  95  15:53  Marine  
  95  15:54  Marine  
  95  15:56  Thor  
  105  15:58  Thor  
  105  15:59  Thor, Orbital Command  
  105  16:01  Medivac x2  
  121  16:11  SCV, Marine  
  122  16:12  Marine  
  124  16:18  SCV  
  124  16:23  SCV  
  126  16:29  Marine x2  
  126  16:30  SCV  
  129  16:34  Raven  
  129  16:35  SCV  
  132  16:43  SCV  
  132  16:47  Marine x2, SCV  
  133  16:52  Hi-Sec Auto Tracking  
  133  16:53  Neosteel Armor  
  136  16:54  Terran Vehicle Weapons Level 2  
  136  16:55  SCV  
  136  16:59  SCV, Refinery  
  138  17:02  Refinery  
  138  17:06  Bunker  
  138  17:07  SCV  
  109  18:07  Marine  
  109  18:08  Marine x3  
  98  18:13  Viking x2  
  81  18:25  Marine  
  81  18:26  Marine x3  
  53  18:36  Siege Tank x2  
  53  18:38  Viking  
  53  18:39  Viking  
  53  18:43  Marine x2  
  44  19:01  Marine x2  
  25  19:17  Command Center  
  25  19:18  Marine  
  25  19:19  Marine  
  25  19:22  Missile Turret  
  16  20:06  Supply Depot  
  16  20:11  Command Center  
  14  20:15  Command Center  
  14  20:16  Command Center  
  8  20:35  SCV  
  9  20:38  Command Center  
  9  20:46  Command Center  
  10  20:50  Command Center  
  1  22:07  SCV  
  1  22:30  Command Center  
Show
View Real Time Build Order
Export as new Build Order

Ratl Protoss - Winner!

Build Orders: Cannon Rush 

Get SALT Encoding   

  12  0:01  Probe  
  13  0:13  Probe  
  14  0:18  Pylon  
  14  0:26  Probe (Chrono Boost)  
  15  0:36  Probe (Chrono Boost)  
  15  0:42  Pylon  
  16  0:43  Probe  
  17  0:51  Forge  
  17  1:06  Probe  
  18  1:15  Gateway  
  18  1:18  Probe  
  19  1:30  Pylon  
  19  1:33  Pylon  
  19  1:38  Probe  
  20  1:53  Photon Cannon  
  20  1:55  Photon Cannon  
  20  1:57  Photon Cannon  
  20  2:10  Gateway  
  20  2:15  Probe, Assimilator  
  21  2:20  Assimilator  
  21  2:27  Probe  
  22  2:45  Photon Cannon  
  22  2:49  Photon Cannon  
  22  2:50  Pylon  
  22  3:07  Photon Cannon  
  22  3:10  Probe  
  23  3:21  Cybernetics Core  
  23  3:36  Photon Cannon  
  23  3:38  Pylon  
  23  3:55  Nexus  
  23  3:57  Stalker  
  25  4:04  Warp Gate (Chrono Boost)  
  25  4:05  Stalker  
  27  4:10  Probe  
  28  4:21  Pylon  
  29  4:24  Probe (Chrono Boost)  
  29  4:34  Probe (Chrono Boost)  
  30  4:53  Robotics Facility  
  30  4:55  Pylon  
  30  5:02  Forge  
  30  5:06  Gateway  
  30  5:07  Stalker  
  32  5:16  Probe (Chrono Boost)  
  32  5:17  Probe (Chrono Boost)  
  34  5:27  Probe x2 (Chrono Boost)  
  36  5:34  Protoss Ground Armor Level 1 (Chrono Boost)  
  36  5:42  Observer  
  37  5:45  Protoss Ground Weapons Level 1 (Chrono Boost)  
  37  5:54  Probe x2  
  38  6:04  Pylon  
  38  6:06  Probe (Chrono Boost)  
  38  6:07  Pylon  
  38  6:10  Assimilator  
  40  6:11  Probe (Chrono Boost)  
  40  6:15  Assimilator  
  40  6:16  Probe (Chrono Boost), Observer  
  43  6:20  Probe (Chrono Boost)  
  43  6:22  Stalker  
  43  6:23  Stalker x2  
  49  6:30  Probe  
  50  6:40  Twilight Council  
  50  6:46  Robotics Bay  
  50  6:51  Gateway  
  50  6:52  Pylon  
  50  6:55  Gateway  
  50  6:59  Pylon  
  51  7:01  Probe x2  
  52  7:10  Stalker  
  52  7:11  Stalker  
  52  7:13  Probe  
  57  7:19  Probe  
  58  7:25  Probe  
  59  7:31  Probe  
  60  7:37  Probe  
  60  7:42  Protoss Ground Weapons Level 2 (Chrono Boost)  
  61  7:46  Protoss Ground Armor Level 2 (Chrono Boost)  
  61  8:25  Nexus  
  61  8:27  Assimilator  
  61  8:29  Assimilator  
  61  8:30  Pylon  
  61  8:40  Extended Thermal Lance  
  61  8:41  Colossus  
  67  8:54  Gateway  
  67  8:55  Gateway  
  67  8:57  Gateway  
  67  8:58  Pylon  
  67  9:05  Charge  
  67  9:06  Dark Shrine  
  67  9:07  Stalker  
  67  9:08  Stalker x2  
  73  9:18  Shield Battery  
  73  9:20  Shield Battery  
  73  9:23  Shield Battery  
  73  9:30  Probe (Chrono Boost)  
  75  9:33  Probe (Chrono Boost)  
  75  9:35  Colossus  
  82  9:42  Probe (Chrono Boost)  
  82  9:43  Probe (Chrono Boost), Observer  
  84  9:48  Probe (Chrono Boost)  
  84  9:49  Probe (Chrono Boost)  
  84  9:52  Stalker x2  
  89  9:53  Stalker  
  89  9:55  Probe  
  89  9:57  Probe  
  93  10:20  Protoss Ground Weapons Level 3 (Chrono Boost), Protoss Ground Armor Level 3 (Chrono Boost)  
  93  10:29  Gravitic Drive  
  93  10:33  Shield Battery  
  93  10:44  Shield Battery  
  93  10:50  Probe (Chrono Boost)  
  94  11:00  Probe (Chrono Boost)  
  94  11:02  Colossus  
  101  11:05  Probe (Chrono Boost)  
  102  11:16  Probe  
  103  11:18  Stalker  
  103  11:19  Stalker x2  
  109  11:28  Probe  
  110  11:40  Probe  
  110  11:44  Probe  
  108  11:53  Probe, Immortal  
  105  12:02  Probe  
  105  12:05  Probe  
  107  12:11  Stalker x3  
  107  12:12  Stalker x3  
  107  12:13  Stalker x2  
  107  12:14  Probe  
  124  12:26  Probe  
  125  12:30  Shadow Stride  
  125  12:41  Pylon  
  125  12:43  Pylon  
  125  12:55  Protoss Shields Level 1 (Chrono Boost)  
  125  12:59  Probe, Immortal  
  130  13:09  Dark Templar x4  
  130  13:10  Dark Templar  
  130  13:11  Probe  
  141  13:25  Pylon  
  141  13:30  Pylon  
  141  13:33  Pylon  
  141  13:34  Pylon  
  141  13:37  Pylon  
  141  13:42  Shield Battery  
  141  13:43  Immortal  
  145  13:57  Dark Templar x4  
  145  13:58  Dark Templar x2  
  157  14:08  Nexus  
  157  14:09  Assimilator  
  157  14:10  Pylon, Assimilator  
  157  14:11  Pylon  
  157  14:12  Pylon  
  157  14:16  Stalker  
  159  14:17  Stalker  
  159  14:22  Colossus (Chrono Boost)  
  157  15:05  Protoss Shields Level 2 (Chrono Boost)  
  149  15:12  Warp Prism (Chrono Boost)  
  147  15:29  Robotics Facility  
  147  15:31  Robotics Facility  
  147  15:34  Robotics Facility  
  147  15:36  Dark Templar  
  147  15:37  Dark Templar x2  
  147  15:38  Dark Templar  
  147  15:42  Immortal  
  159  16:18  Immortal x2  
  167  16:21  Immortal  
  167  16:23  Immortal  
  175  16:28  Dark Templar  
  177  16:36  Dark Templar  
  179  16:48  Immortal  
  179  16:49  Immortal  
  134  18:05  Stalker  
  134  18:06  Stalker x6  
  134  18:07  Stalker  
  128  18:26  Probe  
  125  18:33  Stalker x4  
  131  18:35  Stalker  
  131  18:36  Stalker x2  
  131  18:38  Probe  
  128  18:50  Probe  
  125  18:57  Stalker x3  
  125  18:58  Stalker x2  
  136  19:02  Probe  
  136  19:04  Stalker x2  
  136  19:05  Stalker  
  141  19:15  Probe  
  140  19:23  Stalker x4  
  140  19:24  Stalker  
  150  19:31  Stalker  
  152  19:36  Probe (Chrono Boost)  
  153  19:43  Probe (Chrono Boost)  
  156  19:46  Probe (Chrono Boost)  
  156  19:49  Probe (Chrono Boost)  
  156  19:51  Probe (Chrono Boost)  
  158  19:56  Probe (Chrono Boost)  
  158  19:57  Probe (Chrono Boost)  
  160  20:00  Probe (Chrono Boost)  
  160  20:03  Probe (Chrono Boost)  
  160  20:04  Probe (Chrono Boost)  
  162  20:07  Probe, Stalker x4  
  162  20:11  Probe, Zealot x3  
  162  20:12  Zealot  
  180  20:14  Probe  
  180  20:19  Probe  
  182  20:43  Probe  
  183  22:12  Stargate  
  183  22:13  Stargate  
  183  22:18  Stargate  
  183  22:21  Stargate  
Tags
 
Matchup
PvT
Spawn Locations
Cross Positions
Add a new tag
Caveats
  • Supply blocks, unpowered buildings, or Contaminate may cause inaccurate times.
  • Supply counts are checked every 10 seconds.